Map: Ulzaan

Players

Akira - Winner!

  • Race: Protoss Protoss
  • Spawn Location: 9:00

akira - Winner!

  • Race: Protoss Protoss
  • Spawn Location: 11:00

Mesrob

  • Race: Terran Terran
  • Spawn Location: 3:00

Subwaymaker

  • Race: Protoss Protoss
  • League: Silver
  • Spawn Location: 1:00

VOD

Have the link to the VOD?

Description

Time

  • Played on: Jan. 6, 2019, 5:32 p.m.
  • Length: 20:01
Show
View Real Time Build Order
Export as new Build Order

Akira Protoss - Winner!

Build Orders: Carriers 

Get SALT Encoding   

  12  0:01  Probe  
  13  0:15  Pylon  
  13  0:21  Probe  
  13  0:26  Assimilator  
  14  0:33  Probe  
  15  0:41  Probe  
  15  0:42  Gateway  
  16  0:50  Probe  
  17  1:00  Probe  
  18  1:09  Gateway  
  18  1:12  Probe  
  19  1:24  Probe  
  20  1:33  Cybernetics Core  
  20  1:37  Gateway  
  20  1:47  Pylon  
  21  1:56  Zealot  
  22  2:05  Warp Gate  
  22  2:14  Stalker  
  24  2:24  Stalker  
  26  2:46  Adept  
  26  2:51  Adept  
  30  3:00  Pylon  
  30  3:06  Assimilator  
  30  3:15  Adept  
  30  3:17  Stalker  
  34  3:25  Sentry  
  36  3:30  Probe  
  36  3:31  Pylon  
  37  3:46  Nexus  
  36  3:57  Forge  
  36  4:02  Pylon  
  36  4:08  Pylon  
  36  4:24  Adept  
  36  4:26  Adept  
  40  4:35  Photon Cannon  
  40  4:43  Protoss Ground Weapons Level 1  
  40  4:52  Photon Cannon  
  40  5:02  Probe  
  40  5:03  Probe  
  42  5:14  Probe  
  42  5:16  Sentry  
  42  5:18  Probe  
  44  5:25  Adept  
  44  5:27  Probe  
  47  5:31  Probe  
  48  5:39  Probe  
  49  5:43  Adept x2  
  35  6:05  Adept x3  
  33  6:23  Probe x2  
  33  6:26  Adept x2  
  33  6:32  Adept  
  35  6:35  Probe x2  
  37  6:47  Adept x2, Probe  
  42  6:54  Sentry  
  38  7:17  Adept  
  38  7:18  Adept x2  
  38  7:21  Probe x2  
  40  7:28  Protoss Shields Level 1  
  40  7:33  Probe x2  
  42  7:38  Adept  
  42  7:43  Stargate  
  44  7:45  Probe x2  
  44  7:49  Gateway  
  45  7:52  Gateway  
  45  7:53  Adept  
  45  7:57  Probe x2  
  49  8:03  Adept x2  
  53  8:13  Assimilator  
  53  8:17  Assimilator, Void Ray  
  53  8:18  Adept  
  55  8:27  Robotics Facility  
  59  8:35  Pylon  
  59  8:48  Void Ray  
  59  8:58  Adept  
  59  8:59  Adept x3  
  71  9:05  Probe x2  
  71  9:09  Pylon  
  73  9:23  Void Ray  
  73  9:29  Adept  
  73  9:30  Nexus  
  79  9:48  Sentry x3  
  85  9:59  Pylon  
  85  10:00  Pylon  
  85  10:03  Observer  
  86  10:17  Void Ray  
  86  10:18  Adept  
  86  10:19  Adept x3  
  86  10:20  Pylon  
  98  10:22  Protoss Ground Armor Level 1  
  98  10:38  Immortal  
  102  10:43  Pylon  
  102  10:45  Probe x3  
  102  10:46  Pylon  
  101  10:57  Probe  
  96  11:07  Adept x2  
  96  11:08  Adept x3  
  96  11:09  Probe x2  
  80  11:23  Void Ray  
  70  11:38  Probe x3  
  77  11:40  Assimilator  
  77  11:46  Assimilator  
  77  11:50  Probe  
  77  11:51  Protoss Air Weapons Level 1  
  77  11:52  Sentry  
  77  11:53  Sentry  
  82  11:55  Stalker  
  82  11:56  Adept x2  
  82  11:58  Immortal  
  92  12:14  Stargate  
  92  12:16  Stargate  
  92  12:19  Void Ray  
  96  12:31  Zealot x5  
  96  12:37  Probe x3  
  109  12:49  Probe  
  109  12:50  Probe x2  
  112  12:59  Void Ray  
  112  13:00  Pylon  
  112  13:01  Void Ray, Probe  
  121  13:24  Void Ray  
  125  13:34  Pylon  
  125  13:36  Pylon  
  125  13:42  Void Ray  
  125  13:45  Fleet Beacon  
  129  13:53  Probe x3  
  129  13:55  Void Ray  
  136  13:58  Nexus  
  136  13:59  Adept  
  138  14:16  Immortal  
  142  14:20  Protoss Air Weapons Level 2  
  146  14:29  Void Ray  
  146  14:33  Anion Pulse-Crystals  
  146  14:36  Carrier  
  152  14:49  Pylon  
  152  14:51  Pylon  
  152  14:58  Carrier  
  152  15:08  Carrier  
  152  15:12  Pylon  
  164  15:14  Pylon  
  164  15:26  Assimilator  
  164  15:27  Assimilator, Probe x4  
  168  15:39  Probe x2  
  170  15:59  Cybernetics Core  
  170  16:02  Carrier  
  176  16:07  Nexus  
  176  16:08  Pylon  
  176  16:09  Stargate  
  176  16:12  Pylon  
  176  16:25  Carrier  
  176  16:34  Carrier  
  172  16:48  Probe x3  
  172  16:49  Probe  
  172  16:53  Pylon  
  176  16:56  Protoss Air Weapons Level 3, Carrier  
  176  16:57  Assimilator, Carrier  
  176  17:00  Probe  
  177  17:03  Protoss Air Armor Level 1  
  189  17:15  Assimilator  
  189  17:29  Carrier  
  195  17:54  Nexus  
  195  17:59  Stargate  
  195  18:00  Twilight Council  
  195  18:42  Nexus  
  195  18:44  Pylon  
Show
View Real Time Build Order
Export as new Build Order

akira Protoss - Winner!

Build Orders:  

Get SALT Encoding   

  12  0:04  Probe  
  13  0:18  Pylon  
  13  0:19  Probe  
  14  0:27  Assimilator  
  14  0:31  Probe  
  15  0:52  Gateway  
  15  1:01  Probe  
  16  1:44  Cybernetics Core  
  16  1:53  Probe  
  17  2:13  Gateway  
  17  2:18  Stalker  
  19  2:45  Stalker  
  21  2:54  Gateway  
  21  3:00  Adept  
  21  3:03  Pylon  
  23  3:25  Adept  
  23  3:30  Probe  
  26  3:42  Adept  
  28  3:52  Adept  
  30  4:32  Warp Gate  
  30  4:36  Probe  
  31  4:45  Pylon  
  31  5:00  Adept x2  
  31  5:03  Pylon  
  35  5:07  Stalker  
  37  5:27  Adept x2  
  41  5:37  Stalker  
  43  5:55  Adept x2  
  37  6:07  Stalker  
  31  6:22  Adept  
  31  6:25  Stalker  
  35  6:36  Stalker  
  37  6:46  Assimilator  
  37  6:48  Stalker  
  37  6:49  Probe  
  38  6:57  Stalker  
  38  7:14  Stalker  
  40  7:24  Adept  
  34  7:44  Stalker  
  36  7:54  Stalker  
  38  8:14  Stalker  
  38  8:18  Adept  
  42  8:44  Stalker  
  44  8:52  Stalker  
  46  9:07  Pylon  
  46  9:25  Stalker  
  48  9:38  Nexus  
  48  9:45  Adept  
  50  9:51  Stalker  
  52  9:55  Stalker  
  54  10:50  Stalker  
  24  11:20  Stalker  
  26  11:50  Stalker, Adept  
  30  12:31  Nexus  
  30  12:59  Zealot  
  30  13:02  Stalker  
  30  13:05  Adept  
  36  13:42  Stalker  
  36  13:45  Stalker  
  40  13:57  Probe  
  41  14:09  Probe  
  42  14:17  Assimilator  
  42  14:21  Probe  
  42  14:22  Pylon  
  43  14:33  Probe  
  44  14:43  Gateway  
  44  14:45  Probe  
  45  14:57  Probe  
  45  14:59  Stalker  
  48  15:04  Adept  
  50  15:07  Stalker  
  52  15:20  Probe  
  53  15:32  Nexus  
  53  15:39  Stalker  
  55  15:51  Cybernetics Core  
  55  16:00  Probe  
  56  16:26  Nexus  
  56  16:28  Stalker  
  58  16:33  Adept  
  58  16:37  Stalker  
  62  16:43  Probe  
  63  16:51  Probe  
  64  16:57  Stalker  
  66  17:03  Probe  
  66  17:05  Pylon  
  67  17:15  Probe  
  68  17:19  Stargate  
  68  17:22  Probe  
  69  17:44  Stalker  
  71  17:53  Void Ray  
  71  17:55  Probe  
  72  18:07  Probe  
  78  18:20  Probe  
  78  18:36  Void Ray  
Show
View Real Time Build Order
Export as new Build Order

Mesrob Terran 

Build Orders:  

Get SALT Encoding   

  12  0:05  SCV  
  13  0:23  Supply Depot  
  13  0:25  SCV  
  14  0:34  Refinery  
  14  0:41  SCV  
  15  0:46  Barracks  
  15  1:10  SCV  
  16  1:18  Barracks  
  16  1:49  Orbital Command  
  16  2:16  Barracks  
  16  2:24  Barracks Tech Lab  
  16  2:25  Factory  
  16  2:27  Marine  
  17  2:45  Marine  
  18  2:55  Refinery, Barracks Reactor  
  18  3:07  Barracks Tech Lab  
  18  3:09  Barracks Reactor  
  18  3:21  Supply Depot  
  18  3:33  Siege Tank  
  21  3:34  Marine x2  
  23  3:43  Marine  
  23  3:44  Supply Depot  
  24  3:49  Marine  
  24  3:50  Marine  
  24  3:52  Marine x2  
  28  4:00  Marine  
  29  4:07  Marine  
  29  4:08  Marine  
  29  4:09  Marine, Siege Tank  
  34  4:10  Marine  
  36  4:18  Marine, Supply Depot  
  37  4:25  Marine x2  
  39  4:39  Marine x3  
  39  4:43  Marine  
  43  4:49  Supply Depot  
  43  4:50  Marine  
  44  4:57  Marine  
  44  4:59  Stimpack  
  44  5:10  Marine  
  44  5:12  Marine  
  46  5:15  Marauder  
  48  5:45  Siege Tank  
  48  5:48  Marine x3  
  37  6:17  Marine  
  37  6:18  Marine x4  
  33  6:35  Marine  
  32  6:51  Marine  
  18  7:46  Marine  
  18  7:47  Marine x4  
  23  7:53  Command Center  
  23  8:12  Marauder  
  25  8:33  Marauder  
  26  9:02  Siege Tank  
  29  9:27  Command Center  
  29  9:32  Marauder  
  29  9:34  Siege Tank  
  34  9:49  Refinery  
  34  9:50  SCV  
  34  9:52  SCV  
  36  10:02  SCV  
  36  10:05  Marauder, Marine x3  
  42  10:14  SCV  
  43  10:29  Marauder, Marine  
  43  10:30  Marine  
  47  10:41  Marine x2  
  49  10:47  Marine x2  
  51  10:50  Marauder  
  48  10:59  Marine x2  
  36  11:12  Marauder  
  32  11:33  Marauder  
  32  11:38  SCV  
  35  11:42  Marine x4  
  39  11:48  Engineering Bay, SCV  
  39  11:50  SCV  
  41  11:54  Marauder  
  41  11:57  Refinery  
  41  11:59  Marine  
  41  12:00  Marine, SCV  
  46  12:02  Refinery, SCV  
  47  12:16  Marauder  
  49  12:35  Orbital Command  
  49  12:37  Marauder  
  49  12:41  SCV  
  52  12:52  Terran Infantry Weapons Level 1  
  52  12:53  SCV  
  52  12:56  Armory  
  52  12:58  Marine  
  53  12:59  Marine, Marauder  
  57  13:06  SCV  
  57  13:09  Orbital Command  
  57  13:18  SCV  
  54  13:20  Marauder  
  56  13:30  SCV  
  57  13:44  Marauder  
  57  13:46  Marine  
  57  13:48  Marine  
  60  13:49  Marine x2  
  63  13:56  SCV  
  63  13:57  Refinery  
  63  14:02  Terran Vehicle Weapons Level 1  
  64  14:04  Marine  
  64  14:05  Marine  
  64  14:06  Marine x3  
  69  14:10  SCV  
  70  14:44  Command Center  
  70  14:46  Terran Infantry Armor Level 1  
  70  14:56  Missile Turret  
  70  15:15  Missile Turret  
  70  15:37  Missile Turret  
  70  15:56  Missile Turret, SCV  
  71  16:08  SCV  
  72  16:12  Command Center  
  72  16:18  Missile Turret  
  72  16:20  Orbital Command  
  71  16:59  Missile Turret  
  71  17:06  Missile Turret  
  71  17:18  Missile Turret  
  71  17:38  Missile Turret  
  71  17:56  SCV  
  72  18:04  Siege Tank  
  75  18:08  SCV  
  75  18:10  Factory  
  76  18:20  SCV  
  76  18:27  Planetary Fortress  
  77  18:32  Missile Turret, SCV  
  78  18:36  Siege Tank  
  78  18:38  Marauder, Marine  
  78  18:39  Marine x3  
  87  18:44  SCV  
  88  18:51  Missile Turret  
  88  18:56  Marine  
  88  18:57  Marine x3  
  88  18:59  Marine  
  93  19:08  Siege Tank  
  96  19:14  Marine x4, Missile Turret  
  96  19:17  Marine  
  78  19:32  Marine  
  78  19:34  Missile Turret  
  40  19:55  Missile Turret  
Show
View Real Time Build Order
Export as new Build Order

Subwaymaker Protoss 

Build Orders:  

Get SALT Encoding   

  12  0:01  Probe  
  13  0:09  Probe  
  14  0:25  Pylon  
  14  0:30  Assimilator  
  14  0:32  Probe  
  15  0:47  Gateway  
  15  0:51  Probe  
  16  1:02  Probe  
  17  1:10  Probe  
  17  1:18  Probe  
  21  1:40  Zealot  
  21  1:56  Probe  
  22  2:16  Pylon  
  22  2:18  Probe  
  23  2:30  Pylon, Probe  
  23  2:33  Pylon  
  24  2:37  Cybernetics Core  
  24  2:39  Assimilator, Zealot  
  24  2:42  Probe  
  27  2:55  Probe  
  28  3:00  Gateway  
  28  3:01  Gateway  
  28  3:02  Gateway  
  28  3:03  Probe  
  28  3:11  Probe  
  30  3:21  Probe  
  30  3:25  Twilight Council  
  31  3:28  Robotics Facility  
  31  3:31  Pylon  
  31  3:33  Probe  
  32  3:35  Pylon  
  32  3:42  Warp Gate  
  32  3:45  Probe  
  33  3:50  Sentry  
  35  3:57  Charge, Probe  
  36  4:31  Observer  
  37  4:47  Nexus  
  37  4:49  Pylon  
  37  4:52  Pylon  
  37  4:54  Pylon, Probe  
  37  4:56  Assimilator  
  38  5:06  Probe  
  39  5:20  Probe  
  40  5:32  Probe  
  40  5:33  Zealot  
  40  5:34  Zealot  
  40  5:35  Zealot x2  
  49  5:44  Probe  
  50  5:56  Probe  
  49  6:01  Zealot x2  
  49  6:02  Zealot x2  
  50  6:08  Probe  
  52  6:18  Probe  
  52  6:20  Probe  
  53  6:29  Zealot x4  
  53  6:30  Probe  
  62  6:33  Probe  
  61  6:42  Probe  
  61  6:45  Probe  
  59  6:54  Probe  
  59  6:56  Zealot x4  
  59  6:57  Probe  
  67  7:07  Probe  
  60  7:09  Probe  
  61  7:16  Zealot  
  61  7:17  Zealot x3  
  61  7:40  Probe  
  62  7:50  Assimilator  
  62  7:52  Probe  
  62  7:55  Pylon  
  63  8:03  Forge x2  
  63  8:04  Probe  
  64  8:08  Gateway  
  64  8:09  Gateway  
  64  8:12  Gateway  
  64  8:14  Robotics Bay  
  64  8:16  Probe  
  64  8:18  Dark Shrine  
  65  8:23  Templar Archives  
  65  8:28  Probe  
  65  8:30  Sentry x2  
  65  8:33  Immortal  
  74  8:34  Zealot, Protoss Ground Weapons Level 1  
  74  8:35  Zealot  
  74  8:36  Protoss Ground Armor Level 1  
  74  8:40  Probe  
  78  8:48  Probe  
  80  8:58  Probe  
  81  9:12  Immortal  
  81  9:22  Probe  
  81  9:30  Probe  
  82  9:34  Zealot x3  
  82  9:35  Zealot x2  
  93  9:38  Dark Templar  
  95  9:48  Pylon  
  95  9:55  Blink, Psionic Storm  
  95  9:56  Pylon  
  95  9:58  Pylon  
  95  9:59  Pylon  
  95  10:01  Dark Templar x2, Pylon  
  95  10:03  Pylon, High Templar x2  
  95  10:05  Colossus  
  109  10:37  Stargate  
  109  10:39  Stargate  
  109  10:40  High Templar x2  
  109  10:41  Dark Templar x2  
  117  10:42  Zealot  
  117  10:43  Zealot  
  87  11:16  High Templar  
  87  11:17  High Templar  
  81  11:21  Adept x2  
  81  11:22  Zealot  
  81  11:23  Dark Templar  
  89  11:25  Archon  
  83  11:44  Void Ray  
  83  11:45  Void Ray  
  91  11:56  High Templar  
  93  12:13  High Templar  
  93  12:14  High Templar  
  93  12:15  High Templar x2  
  101  12:26  Archon  
  101  12:28  Archon  
  101  12:32  High Templar  
  101  12:33  High Templar  
  105  12:42  Void Ray  
  105  12:43  Void Ray  
  113  12:52  Fleet Beacon  
  113  13:00  Pylon  
  113  13:05  Resonating Glaives  
  113  13:07  Protoss Air Weapons Level 1  
  113  13:10  Shadow Stride  
  113  14:02  Stalker x3  
  119  14:03  Stalker x2  
  119  14:04  Sentry  
  119  14:08  Nexus  
  125  14:11  Pylon  
  125  14:13  Pylon  
  125  14:15  Pylon  
  125  14:17  Pylon  
  125  14:19  Assimilator  
  125  14:24  Assimilator  
  125  14:35  Protoss Ground Weapons Level 2  
  125  14:39  Protoss Shields Level 1, Carrier x2  
  125  14:49  Mothership  
  145  15:05  High Templar  
  145  15:06  High Templar  
  149  15:08  Zealot x2  
  153  15:26  Pylon  
  153  15:51  Protoss Air Armor Level 1  
  153  15:58  Cybernetics Core  
  153  16:09  Carrier  
  159  16:14  Carrier  
  151  17:06  Protoss Air Weapons Level 2  
  151  17:49  Pylon  
  151  17:51  Pylon  
  151  17:55  Stargate  
  151  17:59  Stargate  
  151  18:02  Gateway  
  151  18:03  Gateway  
  151  18:20  Zealot x3  
  151  18:22  High Templar x2  
  151  18:23  High Templar  
  151  18:26  Colossus  
  163  18:29  Tempest  
  163  18:30  Tempest  
  179  18:40  Carrier  
  73  19:45  High Templar  
  73  19:46  High Templar  
  73  19:49  High Templar  
  73  19:50  High Templar  
  73  19:51  High Templar  
Tags
 
Composition
Carriers
League
Silver
Replay Pack
sc2 replays
Add a new tag
Caveats
  • Supply blocks, unpowered buildings, or Contaminate may cause inaccurate times.
  • Supply counts are checked every 10 seconds.